 Dungeon Crawl Stone Soup version 0.27.0-1-g7a089689b8 (webtiles) character file.

Game seed: 2953340392179726504

2378 dtburroughs the Chopper (level 9, -3/115 (121) HPs)
             Began as a Minotaur Berserker on Aug 5, 2021.
             Was an Elder of Trog.
             Slain by a wight (5 damage)
             ... on level 7 of the Dungeon.
             The game lasted 00:08:07 (5961 turns).

dtburroughs the Chopper (Minotaur Berserker)        Turns: 5961, Time: 00:08:07

HP:   -3/115 (121)  AC: 10    Str: 22    XL:     9   Next: 21%
MP:   0/8           EV: 12    Int:  7    God:    Trog [****..]
Gold: 212           SH:  0    Dex: 10    Spells: 8/8 levels left

rFire    . . .     SeeInvis .   l - +0 morningstar
rCold    . . .     Faith    .   (no shield)
rNeg     . . .     Spirit   +   g - +0 scale mail
rPois    .         Reflect  .   (helmet restricted)
rElec    .         Harm     .   k - +0 cloak
rCorr    .         Rampage  .   (no gloves)
Will     ++...                  y - +0 pair of boots
Stlth    ..........             r - amulet of guardian spirit
HPRegen  1.29/turn              (no ring)
MPRegen  0.11/turn              (no ring)

@: berserking, strong-willed, regenerating, lightly drained, very quick
A: horns 2, retaliatory headbutt
a: Renounce Religion, Berserk, Trog's Hand, Brothers in Arms


You were on level 7 of the Dungeon.
You worshipped Trog.
Trog was greatly pleased with you.
You visited 1 branch of the dungeon, and saw 7 of its levels.

You collected 212 gold pieces.

Inventory:

Hand Weapons
 a - a +0 hand axe
 f - a +0 war axe
 l - a +0 morningstar (weapon)
Missiles
 w - a throwing net (quivered)
Armour
 b - a +0 animal skin
 g - a +0 scale mail (worn)
 k - a +0 cloak (worn)
 y - a +0 pair of boots (worn)
Jewellery
 m - a ring of ice
 r - an amulet of guardian spirit (around neck)
 u - a ring of protection from cold
Wands
 j - a wand of polymorph (20)
Scrolls
 c - 2 scrolls of acquirement {unknown}
 d - 3 scrolls of identify {unknown}
 e - 3 scrolls of magic mapping {unknown}
 h - a scroll of torment {unknown}
 i - 3 scrolls of vulnerability {unknown}
 o - a scroll of amnesia {unknown}
 q - a scroll of fog {unknown}
 v - a scroll of enchant weapon {unknown}
 x - a scroll of teleportation {unknown}
Potions
 n - 2 potions of curing {unknown}
 p - 2 potions of might {unknown}
 s - a potion of attraction {unknown}
 t - a potion of invisibility {unknown}


   Skills:
 + Level 7.8 Fighting
 + Level 7.8 Axes
 + Level 7.3 Armour
 + Level 6.6 Dodging
 + Level 3.8 Evocations


You had 8 spell levels left.
You didn't know any spells.
Your spell library was empty.

Dungeon Overview and Level Annotations

Branches:
Dungeon (8/15)
 Temple: D:4-7         Lair: D:8-11

Altars:
Okawaru

Shops:
D:5 ?   D:7 :


Innate Abilities, Weirdness & Mutations

You have a pair of horns on your head.
You reflexively headbutt those who attack you in melee.


Message History

The wight hits you with a +0 hand axe.
You feel drained.
You climb upwards.
There is a stone staircase leading down, spattered with blood here.
You fail to use your ability.
The five-headed hydra misses you. You furiously retaliate!
You headbutt the five-headed hydra. The five-headed hydra bites you.
The five-headed hydra bites you but does no damage.
The five-headed hydra bites you!
The five-headed hydra closely misses you.
The wight hits you with a +0 hand axe.
You fail to use your ability.
The five-headed hydra bites you.
The five-headed hydra bites you but does no damage.
The five-headed hydra bites you!
The five-headed hydra bites you but does no damage.
The five-headed hydra bites you!
* * * LOW HITPOINT WARNING * * *
The wight hits you but does no damage.
You thump the five-headed hydra!
The five-headed hydra is moderately wounded.
The five-headed hydra bites you!
* * * LOW HITPOINT WARNING * * *
The five-headed hydra closely misses you.
The five-headed hydra bites you.
* * * LOW HITPOINT WARNING * * *
The five-headed hydra misses you.
The five-headed hydra bites you but does no damage.
The wight hits you with a +0 hand axe.
* * * LOW HITPOINT WARNING * * *
You feel drained.
A red film seems to cover your vision as you go berserk!
You feel yourself moving faster!
You feel mighty! The five-headed hydra bites you!
* * * LOW HITPOINT WARNING * * *
The five-headed hydra misses you.
The five-headed hydra bites you but does no damage.
The five-headed hydra closely misses you.
The five-headed hydra bites you.
* * * LOW HITPOINT WARNING * * *
The wight hits you with a +0 hand axe.
You die...

# # .#
#.#######..#
##.#..z..#..#
#..#.∩)@.#..#
#..#....D#.##
#..#######.#
#. # #


You could see a five-headed hydra and a wight.

Vanquished Creatures
  A two-headed ogre (D:7)
  Pikel (D:5)
  Prince Ribbit (D:5)
  Sigmund (D:3)
  Duvessa (D:4)
  A necrophage (D:3)
  2 scorpions
  Dowan (D:4)
  A hound (D:4)
  Crazy Yiuf (D:2)
  2 orc priests
  Jessica (D:2)
  An iguana (D:5)
  6 orc wizards
  A scorpion zombie (D:5)
  A hound skeleton (D:5)
  A howler monkey zombie (D:5)
  Robin (D:3)
  6 gnolls
  4 adders
  A worm (D:4)
  An adder skeleton (D:4)
  3 dart slugs
  23 orcs
  5 ball pythons
  10 endoplasms
  4 giant cockroaches
  19 goblins
  5 hobgoblins
  4 jackals (D:1)
  9 kobolds
  A quokka (D:3)
  7 bats
  3 frilled lizards
  3 rats
133 creatures vanquished.

Vanquished Creatures (others)
  A plant (D:4)
1 creature vanquished.

Grand Total: 134 creatures vanquished

Notes
Turn   | Place    | Note
-------+----------+-------------------------------------------
     0 | D:1      | dtburroughs the Minotaur Berserker began the quest for the
                  | Orb.
     0 | D:1      | Reached XP level 1. HP: 19/19 MP: 0/0
   258 | D:1      | Reached XP level 2. HP: 24/27 MP: 1/1
   826 | D:2      | Reached ** piety under Trog
   888 | D:2      | Noticed Jessica
   898 | D:2      | Killed Jessica
   899 | D:2      | Reached XP level 3. HP: 33/33 MP: 2/2
   913 | D:2      | Found a runed translucent door.
   914 | D:2      | Noticed Crazy Yiuf
  1543 | D:2      | Killed Crazy Yiuf
  1544 | D:2      | Reached XP level 4. HP: 6/41 MP: 0/3
  2102 | D:3      | Reached XP level 5. HP: 46/47 MP: 4/4
  2219 | D:3      | Noticed a necrophage
  2229 | D:3      | Killed a necrophage
  2230 | D:3      | Reached skill level 5 in Axes
  2287 | D:3      | Noticed Sigmund
  2301 | D:3      | Noticed Robin
  2303 | D:3      | Reached skill level 5 in Fighting
  2311 | D:3      | Killed Robin
  2316 | D:3      | Killed Sigmund
  2317 | D:3      | Reached XP level 6. HP: 19/56 MP: 5/5
  3429 | D:4      | Reached *** piety under Trog
  3962 | D:4      | Reached skill level 5 in Armour
  4032 | D:4      | Reached XP level 7. HP: 61/61 MP: 6/6
  4258 | D:4      | Found an iron altar of Okawaru.
  4549 | D:4      | Reached skill level 1 in Evocations
  4790 | D:5      | Entered Level 5 of the Dungeon
  4798 | D:5      | Noticed Duvessa
  4801 | D:5      | Noticed Dowan
  4859 | D:4      | Killed Duvessa
  4864 | D:4      | Killed Dowan
  4865 | D:4      | Reached skill level 5 in Dodging
  5024 | D:5      | Noticed Pikel
  5053 | D:5      | Killed Pikel
  5054 | D:5      | Reached XP level 8. HP: 60/71 MP: 4/7
  5193 | D:5      | Found Keurelaj's Magic Scroll Shoppe.
  5346 | D:5      | Reached **** piety under Trog
  5353 | D:5      | Noticed Prince Ribbit
  5356 | D:5      | Killed Prince Ribbit
  5528 | D:5      | You fall into a shaft and drop 3 floors!
  5529 | D:8      | Noticed a five-headed hydra
  5537 | D:8      | Noticed a two-headed ogre
  5561 | D:7      | Found Qyoklif's Book Shoppe.
  5783 | D:7      | Killed a two-headed ogre
  5784 | D:7      | Reached XP level 9. HP: 60/81 MP: 3/8
  5961 | D:7      | HP: 2/115 [five-headed hydra (5)]
  5961 | D:7      | Slain by a wight

Illustrated notes

Levels and vault maps discovered:
D:1:      dpeg_arrival_rooms_c, layout_basic, serial_park_tiny_pond,
          minivault_14
D:2:      layout_rooms, chequers_serial_rivers_large_b,
          kennysheep_generic_room_11, uniq_crazy_yiuf_cottage, uniq_jessica
D:3:      minmay_chambers_of_threes, layout_basic, uniq_sigmund, uniq_robin
D:4:      corexii_shack_village, layout_layer_cave, overflow_temple_1_default
D:5:      layout_cave_pools, chequers_temple_overflow_statue_of_worship,
          serial_shops, nicolae_shop_crystal, kennysheep_generic_room_12,
          uniq_pikel, uniq_duvessa, uniq_prince_ribbit1
D:7:      nzn_winding_woodlands_small
          [nzn_winding_woodlands_5x15_river_crossing,
          nzn_winding_woodlands_center_lodge,
          nzn_winding_woodlands_5x15_jagged], layout_basic,
          nicolae_overflow_crystal_walls, minmay_temple_entry_proselytizer,
          serial_shops, shop, shop, nicolae_take_the_stairs
D:8:      gammafunk_cloud_chamber, layout_rooms, fedhas_bush_and_centaur_altar,
          serial_shops, kennysheep_mini_moat, abandoned_shop,
          chequers_serial_rivers_small_b, hellmonk_guarded_unrand_vines

Skill      XL: |  1  2  3  4  5  6  7  8 |
---------------+-------------------------+-----
Axes           | 4 5 6 7 |  7.8
Fighting       | 4 5 6 7 |  7.8
Armour         | 3 4 5 6 7 |  7.3
Dodging        | 3 4 5 6 |  6.6
Evocations     | 2 3 |  3.8

Action                   |  1- 3 |  4- 6 |  7- 9 || total
-------------------------+-------+-------+-------++-------
Melee: Hand axe          |    35 |       |       ||    35
       Headbutt          |     5 |    15 |    11 ||    31
       War axe           |    24 |   139 |    72 ||   235
       Morningstar       |       |       |     1 ||     1
Invok: Berserk           |       |     1 |     4 ||     5
       Trog's Hand       |       |     1 |     1 ||     2
Armor: Animal skin       |    12 |       |       ||    12
       Scale mail        |     3 |    65 |    27 ||    95
Dodge: Dodged            |    47 |    75 |    64 ||   186
